 Dungeon Crawl Stone Soup version 0.21-a0-26-g7b23a2f (webtiles) character file.

308 tof the Poker (level 6, 0/70 HPs)
             Began as a Merfolk Gladiator on May 25, 2017.
             Succumbed to a scorpion's poison
             ... on level 5 of the Dungeon.
             The game lasted 00:07:15 (3816 turns).

tof the Poker (Merfolk Gladiator)                   Turns: 3816, Time: 00:07:15

Health: 0/70       AC: 23    Str: 14    XL:     6   Next: 40%
Magic:  6/6        EV:  2    Int:  7    God:
Gold:   180        SH:  0    Dex: 23    Spells: 5/5 levels left

rFire    . . .     SeeInvis .   a - +0 trident
rCold    . . .     Gourm    .   (no shield)
rNeg     + + +     Faith    .   (armour currently unavailable)
rPois    +         Spirit   .   (helmet currently unavailable)
rElec    .         Reflect  .   (cloak currently unavailable)
rCorr    .         Harm     .   (gloves currently unavailable)
MR       .....     NoTele   +   (boots currently unavailable)
Stlth    +++.......             (no amulet)
Regen    0.3/turn               (no ring)
MPRegen  0.1/turn               (no ring)

@: agile, lethally poisoned (0 -> -11), tree-form, very slightly contaminated,
hasted, invisible, very quick
A: (change form in water), (swift swim), (stealthy swim)
a: no special abilities


You were on level 5 of the Dungeon.
You were hungry.
You were a tree.
You visited 1 branch of the dungeon, and saw 5 of its levels.

You collected 180 gold pieces.

Inventory:

Hand Weapons
 a - a +0 trident (weapon)
 b - a +0 blowgun
Missiles
 d - 3 throwing nets (quivered)
 p - 22 poisoned needles
Armour
 c - a +0 helmet (melded)
 g - a +0 leather armour (melded)
 m - a scarf of resistance
Wands
 q - a wand of digging (8/24)
Scrolls
 e - 4 scrolls of teleportation {unknown}
 j - 2 scrolls of fog {unknown}
 k - 2 scrolls of blinking {unknown}
 l - 6 scrolls of identify {unknown}
 n - a scroll of enchant weapon {unknown}
 s - a scroll of amnesia {unknown}
Comestibles
 f - 4 bread rations
 i - a royal jelly


   Skills:
 + Level 3.5 Fighting
 * Level 7.1 Polearms
 + Level 3.3 Throwing
 + Level 5.7 Dodging


You had 5 spell levels left.
You didn't know any spells.

Dungeon Overview and Level Annotations

Branches:
Dungeon (5/15)
 Temple: D:4-7

Altars:

Annotations:
D:3 tof's ghost, amateur MfGl
D:4 Robin


Message History

Your +0 leather armour melds into your body.
Your roots penetrate the ground.
* * * LOW HITPOINT WARNING * * *
You feel sick. The goblin hits you but does no damage.
You are too injured to fight recklessly!
You are too injured to fight recklessly!
You are too injured to fight recklessly!
You completely miss the goblin.
* * * LOW HITPOINT WARNING * * *
You feel sick. The goblin hits you but does no damage.
You catch the helpless goblin completely off-guard!
You hit the goblin.
You kill the goblin!
* * * LOW HITPOINT WARNING * * *
You feel sick.
You cannot move.
You cannot move.
You hit the goblin.
The goblin is heavily wounded.
You die...

### ...
####.####
##........
..####g........
...[...♣$#
..###...##
#...# #####


You could see a goblin.

Vanquished Creatures
  An ogre (D:4)
  A scorpion (D:5)
  A bullfrog skeleton (D:4)
  A worker ant (D:4)
  4 adders
  An ooze (D:2)
  A worm (D:3)
  5 dart slugs
  4 orcs
  9 bats
  3 giant cockroaches
  9 goblins
  11 hobgoblins
  3 jackals (D:1)
  4 quokkas
  A ball python (D:3)
  4 frilled lizards
  5 kobolds
  2 rats
70 creatures vanquished.

Notes
Turn   | Place    | Note
-------+----------+-------------------------------------------
     0 | D:1      | tof the Merfolk Gladiator began the quest for the Orb.
     0 | D:1      | Reached XP level 1. HP: 16/16 MP: 1/1
    92 | D:1      | Reached XP level 2. HP: 22/23 MP: 2/2
   363 | D:1      | Reached XP level 3. HP: 19/28 MP: 3/3
   499 | D:1      | Reached skill level 5 in Polearms
  1124 | D:2      | Reached XP level 4. HP: 22/34 MP: 4/4
  2061 | D:3      | Reached skill level 5 in Dodging
  2191 | D:3      | Noticed tof's ghost (amateur MfGl)
  3050 | D:4      | Reached skill level 6 in Polearms
  3050 | D:4      | Reached XP level 5. HP: 20/41 MP: 5/5
  3394 | D:4      | Noticed an ogre
  3408 | D:4      | Killed an ogre
  3408 | D:4      | Reached XP level 6. HP: 8/47 MP: 6/6
  3752 | D:4      | Noticed Robin
  3796 | D:5      | Entered Level 5 of the Dungeon
  3809 | D:5      | Reached skill level 7 in Polearms
  3812 | D:5      | HP: 2/47 [poisoned by a scorpion]
  3816 | D:5      | Succumbed to a scorpion's poison

Vault maps used:
D:1:      roderic_chinese_lattice_arrival
D:2:      first_bread, guppyfry_early_lair_pool
D:4:      uniq_menkaure, uniq_robin
D:5:      nicolae_overflow_crystal_walls

Skill      XL: |  1  2  3  4  5  6 |
---------------+-------------------+-----
Polearms       | 5 6 7 |  7.1
Dodging        | 5 |  5.7
Fighting       | 3 |  3.5
Throwing       | 3 |  3.3

Action                   |  1- 3 |  4- 6 || total
-------------------------+-------+-------++-------
Melee: Trident           |   132 |   113 ||   245
 Fire: Blowgun           |       |    39 ||    39
  Use: Potion            |       |     4 ||     4
 Stab: Sleeping          |     3 |       ||     3
       Invisible         |       |     1 ||     1
  Eat: Chunk             |     1 |     4 ||     5
       Fruit             |       |     4 ||     4
Armor: Leather armour    |    29 |    12 ||    41
       Skin              |       |     2 ||     2
Dodge: Dodged            |    77 |   111 ||   188
